Map: Taito Citadel LE

Players

Lambo - Winner!

  • Race: Zerg Zerg
  • League: Grandmaster
  • Spawn Location: 11:00

llllllllllll (Solar)

  • Race: Zerg Zerg
  • League: Master
  • Spawn Location: 5:00

VOD

Have the link to the VOD?

Description

Time

  • Played on: March 23, 2026, 11:16 a.m.
  • Length: 5:38
Show
View Real Time Build Order
Export as new Build Order

Lambo Zerg - Winner!

Build Orders: Hatch First, Zergling Baneling 

Get SALT Encoding   

  12  0:00  Drone  
  13  0:07  Drone  
  14  0:14  Extractor, Drone  
  15  0:21  Overlord  
  15  0:39  Drone  
  16  0:44  Hatchery  
  16  0:48  Drone  
  16  0:51  Drone  
  16  0:55  Drone  
  18  1:06  Extractor  
  18  1:10  Spawning Pool  
  16  1:13  Drone  
  16  1:17  Drone  
  18  1:26  Drone  
  19  1:37  Drone  
  20  1:48  Drone  
  21  1:57  Queen x2  
  21  1:58  Zergling x2, Overlord  
  26  2:08  Drone  
  27  2:09  Drone, Metabolic Boost  
  28  2:18  Drone  
  28  2:21  Drone  
  30  2:29  Drone  
  31  2:31  Zergling x2  
  31  2:36  Hatchery  
  31  2:39  Drone  
  32  2:44  Baneling Nest  
  32  2:47  Overlord  
  31  2:54  Drone  
  32  3:04  Zergling x6  
  35  3:08  Zergling x8  
  35  3:11  Zergling x4  
  41  3:16  Overlord  
  41  3:23  Zergling x2  
  42  3:27  Zergling x2  
  42  3:29  Baneling x2  
  42  3:30  Baneling  
  42  3:33  Drone  
  44  3:37  Zergling x2, Drone x2  
  44  3:38  Drone x3  
  44  3:40  Baneling x2  
  47  3:59  Drone x5  
  47  4:00  Baneling  
  47  4:01  Baneling  
  50  4:03  Extractor, Drone x2  
  50  4:06  Roach Warren  
  50  4:08  Zergling x2  
  51  4:10  Drone x2  
  51  4:15  Zergling x4  
  55  4:18  Baneling  
  55  4:25  Zergling x6  
  55  4:29  Overlord  
  58  4:32  Extractor  
  58  4:33  Overlord, Queen  
  58  4:36  Overlord  
  58  4:37  Drone  
  56  4:47  Drone x6  
  56  4:49  Drone x2  
  56  4:52  Drone  
  65  4:58  Drone x3  
  65  4:59  Drone  
  68  5:08  Overlord  
  68  5:12  Roach x2  
  68  5:13  Baneling x2  
  72  5:18  Evolution Chamber, Roach  
Show
View Real Time Build Order
Export as new Build Order

llllllllllll Zerg 

Build Orders: Hatch First 

Get SALT Encoding   

  12  0:00  Drone  
  13  0:08  Drone  
  13  0:14  Extractor, Drone  
  15  0:22  Overlord  
  15  0:41  Drone  
  16  0:46  Hatchery  
  15  0:51  Drone  
  15  0:52  Drone  
  15  0:56  Drone  
  18  1:06  Extractor  
  18  1:11  Spawning Pool  
  16  1:14  Drone  
  16  1:18  Drone  
  18  1:26  Drone  
  19  1:37  Drone  
  20  1:48  Drone  
  21  1:58  Queen x2  
  21  2:01  Zergling x2, Overlord  
  26  2:09  Drone x2  
  26  2:10  Metabolic Boost  
  28  2:21  Drone x2  
  30  2:32  Hatchery  
  30  2:35  Drone  
  30  2:37  Drone  
  30  2:42  Drone  
  32  2:46  Baneling Nest  
  32  2:47  Zergling x2  
  32  2:52  Overlord  
  32  2:54  Drone  
  33  3:02  Zergling x2  
  34  3:08  Drone x2  
  34  3:12  Drone  
  37  3:13  Drone x4  
  41  3:20  Queen  
  41  3:23  Overlord  
  41  3:25  Drone  
  44  3:33  Baneling x2  
  44  3:39  Overlord  
  44  3:41  Zergling x10  
  44  3:47  Zergling x6  
  51  3:49  Zergling x2  
  52  4:05  Baneling  
  52  4:07  Drone  
  52  4:08  Drone x2  
  53  4:13  Overlord  
  53  4:14  Hatchery, Drone x2  
  53  4:17  Roach Warren  
  53  4:18  Zergling x2  
  53  4:20  Drone x2  
  56  4:30  Extractor  
  56  4:33  Drone  
  56  4:35  Drone x4  
  59  4:44  Hatchery  
  59  4:45  Drone x4  
  62  4:46  Extractor  
  60  4:52  Overlord  
  60  4:55  Evolution Chamber  
  60  4:57  Roach x2  
  57  5:02  Extractor  
  57  5:06  Roach  
  58  5:08  Baneling  
  58  5:10  Roach  
  58  5:11  Roach x2  
  58  5:12  Roach  
  66  5:17  Roach  
  66  5:20  Drone  
Tags
 
Add a new tag
Caveats
  • Supply blocks, unpowered buildings, or Contaminate may cause inaccurate times.
  • Supply counts are checked every 10 seconds.